 Dungeon Crawl Stone Soup version 0.15-a0-94-g674142f (webtiles) character file.

7148 KaKa the Bludgeoner (level 11, -13/113 HPs)
             Began as an Ogre Hunter on Apr 9, 2014.
             Was an Elder of Okawaru.
             Mangled by a manticore (21 damage)
             ... on Level 10 of the Dungeon.
             The game lasted 00:47:14 (10937 turns).

KaKa the Bludgeoner (Ogre Hunter)                  Turns: 10937, Time: 00:47:14

HP -13/113       AC  4     Str 19      XL: 11   Next:  4%
MP  11/11        EV 10     Int 10      God: Okawaru [****..]
Gold 416         SH  0     Dex 13      Spells:  0 memorised, 10 levels left

rFire  . . .     SeeInvis .     K - +0 giant spiked club
rCold  . . .     Clarity  .     w - +0 robe
rNeg   . . .     Conserve .     (shield restricted)
rPois  +         rCorr    .     (helmet restricted)
rElec  .         rRot     .     p - +0 cloak
SustAb . .       Spirit   .     (gloves unavailable)
rMut   .         Warding  .     (boots unavailable)
Saprov + . .     Stasis   .     C - amulet of Day {+Rage Dam+3}
MR     ++...                    x - ring of poison resistance
                                a - ring of protection from magic

@: very resistant to hostile enchantments, unstealthy
A: unfitting armour, fast metabolism 1, saprovore 1, tough skin 1
a: Heroism, Renounce Religion, Evoke Berserk Rage


You were on level 10 of the Dungeon.
You worshipped Okawaru.
Okawaru was greatly pleased with you.
You were not hungry.

You visited 2 branches of the dungeon, and saw 11 of its levels.
You also visited: Ossuary.

You collected 416 gold pieces.

Inventory:

Hand weapons
 j - a +2,+2 flail of holy wrath
 K - a +0,+0 giant spiked club (weapon)
 P - a +0,+2 whip of flaming
Missiles
 E - 5 large rocks (quivered)
 J - 8 javelins of returning
Armour
 p - a +0 cloak (worn)
 w - a +0 robe (worn)
Magical devices
 v - a wand of flame (5)
Comestibles
 b - an apple
 d - 4 rotting chunks of centaur flesh
 f - 2 meat rations
 m - 2 lemons
 t - 5 bread rations
 u - 3 pears
 I - an orange
 L - a choko
Scrolls
 c - 2 scrolls of remove curse
 g - 4 scrolls of amnesia
 i - a scroll of immolation
 n - a scroll of fear
 s - 4 scrolls of teleportation {unknown}
 y - 3 scrolls of blinking {unknown}
 D - 4 scrolls of random uselessness
 H - a scroll of enchant weapon II {unknown}
Jewellery
 a - a ring of protection from magic (left hand)
 h - a +1 ring of strength
 x - a ring of poison resistance (right hand)
 C - the amulet of Day (around neck) {+Rage Dam+3}
   (You found it on level 7 of the Dungeon)

   [amulet of rage]

   It affects your damage with ranged weapons and melee attacks (+3).
   It lets you go berserk.
 M - an uncursed ring of sustain abilities
Potions
 e - 4 potions of brilliance
 k - a potion of resistance
 l - 3 potions of curing
 q - a potion of restore abilities {unknown}
 r - a potion of poison
 G - a potion of paralysis {unknown}
Books
 A - a book of the Tempests

   Spells                             Type                      Level
   Static Discharge                   Conjuration/Air              3
   Lightning Bolt                     Conjuration/Air              5
   Fireball                           Conjuration/Fire             5
   Tornado                            Air                          9
   Shatter                            Earth                        9


   Skills:
 - Level 8.4 Fighting
 + Level 16.7 Maces & Flails
 - Level 8.5 Throwing
 - Level 1.7 Dodging
 - Level 0.7 Stealth


You had 10 spell levels left.
You didn't know any spells.

Dungeon Overview and Level Annotations

Branches:
Dungeon (10/15)            Temple (1/1) D:5
    Orc: D:9-12        Lair: D:8-11

Altars:
Ashenzari
Cheibriados
Dithmenos
Elyvilon
Fedhas
Kikubaaqudgha
Makhleb
Nemelex Xobeh
Okawaru
Sif Muna
Trog
Vehumet
Xom
Yredelemnul
Zin
The Shining One


Innate Abilities, Weirdness & Mutations

You are too large for most types of armour.
You have a fast metabolism.
You can tolerate rotten meat.
You have tough skin (AC +1).


Message History

The manticore bites you! The manticore claws you!
* * * LOW HITPOINT WARNING * * *
The manticore claws you.
* * * LOW HITPOINT WARNING * * *
You impale the manticore!!
The manticore is severely wounded.
The manticore barely misses you. The manticore claws you.
* * * LOW HITPOINT WARNING * * *
The manticore claws you!
* * * LOW HITPOINT WARNING * * *
You closely miss the manticore.
The manticore is severely wounded.
The manticore bites you but does no damage.
The manticore claws you!
* * * LOW HITPOINT WARNING * * *
The manticore closely misses you.
You barely miss the manticore.
The manticore is severely wounded.
The manticore bites you!
You die...

###.## .. ......#
#..#..#.#.#
..#..#.#.#.#
...#...#.#.#
.#..#..#...#
...#..#.#<..######
...#..............
..#..#..#.@.#####
....#..#.#.H##
......#...#...#
...#..#..###.#
#+..#..#.# .#
#....#...# .#
#..#..#.## .#
#.##...(...# .#
#....>...### .


You could see a manticore.

Vanquished Creatures
  Pikel (D:8)
  The ghost of BluebellGnoll the Covert, an experienced SpEn of Vehumet (D:7)
  The ghost of Mandevil the Sneak, an experienced OpTm of Cheibriados (D:5)
  Grinder (D:5)
  The ghost of Duskembrace the Cudgeler, an average GrBe of Trog (D:4)
  A wyvern (D:9)
  3 yaks (D:9)
  2 hungry ghosts
  Eustachio (D:4)
  2 hippogriffs
  A water moccasin (D:9)
  4 sky beasts
  An orc warrior (D:7)
  8 ogres
  A yellow wasp (D:9)
  A phantom (D:5)
  A centaur (D:9)
  Duvessa (D:4)
  6 giant frogs
  Blork the orc (D:4)
  A big kobold (D:8)
  3 scorpions
  A water moccasin skeleton (D:6)
  8 wights
  A hippogriff skeleton (D:6)
  Dowan (D:4)
  2 goliath beetles (D:6)
  A jelly (D:5)
  5 orc priests
  2 centaur zombies
  Crazy Yiuf (D:4)
  3 hounds
  3 iguanas
  2 orc wizards
  7 worker ants
  Jessica (D:3)
  3 big kobold zombies (Ossuary)
  5 mummies (Ossuary)
  10 gnolls
  11 adders
  A shadow imp (D:9)
  4 giant mites
  A steam dragon skeleton (D:8)
  An adder zombie (D:8)
  An adder skeleton (D:8)
  2 giant eyeballs (D:7)
  7 giant geckos
  3 oozes
  17 orcs
  12 bats
  5 giant cockroaches
  11 goblins
  12 hobgoblins
  10 jackals
  17 kobolds
  4 quokkas
  A giant gecko skeleton (D:5)
  6 giant newts
  A hobgoblin skeleton (D:6)
  A hobgoblin zombie (Ossuary)
  17 rats
  A rat skeleton (D:5)
  A rat zombie (D:5)
  A bush (D:9)
  A plant (D:4)
248 creatures vanquished.

Vanquished Creatures (others)
  A kobold (D:9)
1 creature vanquished.

Grand Total: 249 creatures vanquished

Notes
Turn   | Place    | Note
--------------------------------------------------------------
     0 | D:1      | KaKa, the Ogre Hunter, began the quest for the Orb.
     0 | D:1      | Reached XP level 1. HP: 22/22 MP: 1/1
   158 | D:1      | Reached XP level 2. HP: 22/29 MP: 2/2
   826 | D:1      | Reached XP level 3. HP: 33/36 MP: 3/3
  1074 | D:2      | Reached skill level 5 in Throwing
  1106 | D:2      | Found a shattered altar of Ashenzari.
  1581 | D:2      | Reached XP level 4. HP: 41/44 MP: 4/4
  1874 | D:3      | Noticed Jessica
  1877 | D:3      | Killed Jessica
  1955 | D:3      | Reached XP level 5. HP: 51/53 MP: 5/5
  2057 | D:3      | Reached skill level 5 in Maces & Flails
  2109 | D:3      | Reached XP level 6. HP: 34/62 MP: 6/6
  2175 | D:3      | Found a sparkling altar of Nemelex Xobeh.
  2970 | D:4      | Noticed Blork the orc
  2989 | D:4      | Killed Blork the orc
  2989 | D:4      | Reached skill level 6 in Throwing
  2991 | D:4      | Reached XP level 7. HP: 22/71 MP: 7/7
  3245 | D:4      | Reached skill level 5 in Fighting
  3261 | D:4      | Noticed Duskembrace's ghost (average GrBe)
  3275 | D:5      | Entered Level 5 of the Dungeon
  3275 | D:5      | Found a staircase to the Ecumenical Temple.
  3285 | Temple   | Entered the Ecumenical Temple
  3378 | Temple   | Became a worshipper of Warmaster Okawaru
  3510 | D:5      | Found a sand-covered staircase.
  3521 | Ossuary  | Entered an ossuary
  3927 | D:5      | Noticed Mandevil's ghost (experienced OpTm)
  4316 | D:5      | Killed Mandevil's ghost
  4316 | D:5      | Reached skill level 7 in Maces & Flails
  4316 | D:5      | Reached XP level 8. HP: 50/84 MP: 8/8
  4863 | D:5      | Noticed Grinder
  4931 | D:4      | Killed Duskembrace's ghost
  4931 | D:4      | Reached skill level 8 in Maces & Flails
  5031 | D:4      | Noticed Duvessa
  5032 | D:4      | Noticed Eustachio
  5067 | D:4      | Noticed Dowan
  5071 | D:4      | Killed Duvessa
  5071 | D:4      | Acquired Okawaru's first power
  5081 | D:4      | Killed Eustachio
  5089 | D:4      | Killed Dowan
  5445 | D:4      | Noticed Crazy Yiuf
  5446 | D:4      | Killed Crazy Yiuf
  5618 | D:4      | Reached skill level 9 in Maces & Flails
  5618 | D:4      | Reached XP level 9. HP: 55/96 MP: 9/9
  6195 | D:5      | Killed Grinder
  6195 | D:5      | Reached skill level 10 in Maces & Flails
  6824 | D:6      | Reached skill level 11 in Maces & Flails
  7296 | D:7      | Noticed BluebellGnoll's ghost (experienced SpEn)
  7321 | D:7      | Killed BluebellGnoll's ghost
  7321 | D:7      | Reached skill level 12 in Maces & Flails
  7555 | D:7      | Reached skill level 13 in Maces & Flails
  7555 | D:7      | Reached XP level 10. HP: 99/106 MP: 10/10
  8299 | D:7      | Got a sparkling graven amulet
  8302 | D:7      | Identified the amulet of Day {+Rage Dam+3} (You found it on level 7 of the Dungeon)
  8436 | D:7      | Reached skill level 14 in Maces & Flails
  8666 | D:8      | Found a deep blue altar of Sif Muna.
  8667 | D:8      | Found a shimmering altar of Xom.
  8956 | D:8      | Received a gift from Okawaru
  9577 | D:8      | Reached skill level 15 in Maces & Flails
 10032 | D:9      | Received a gift from Okawaru
 10112 | D:9      | Reached skill level 16 in Maces & Flails
 10235 | D:9      | Found a sparkling altar of Nemelex Xobeh.
 10363 | D:9      | Noticed Pikel
 10406 | D:8      | Killed Pikel
 10406 | D:8      | Received a gift from Okawaru
 10406 | D:8      | Reached XP level 11. HP: 71/113 MP: 11/11
 10410 | D:8      | Received a gift from Okawaru
 10912 | D:10     | Entered Level 10 of the Dungeon
 10937 | D:10     | Mangled by a manticore

Action                   |  1- 3 |  4- 6 |  7- 9 | 10-12 || total
-------------------------+-------+-------+-------+-------++-------
Melee: Club              |    41 |    79 |       |       ||   120
       Whip              |    99 |       |       |    29 ||   128
       Mace              |       |    53 |     1 |       ||    54
       Giant club        |       |       |   194 |       ||   194
       Giant spiked club |       |       |   132 |   246 ||   378
Throw: Large rock        |    15 |    24 |    20 |     8 ||    67
       Throwing net      |       |       |     3 |       ||     3
Invok: Heroism           |       |       |       |     1 ||     1
Evoke: Wand              |       |     1 |       |       ||     1
  Use: Potion            |       |     5 |     5 |     3 ||    13
       Scroll            |       |       |     7 |     2 ||     9
 Stab: Sleeping          |     2 |       |     3 |     2 ||     7
